 Dungeon Crawl Stone Soup version 0.22-a0-460-g49b1da7 (webtiles) character file.

107 Cunctator the Digger (level 4, -1/24 HPs)
             Began as a Gargoyle Earth Elementalist on June 9, 2018.
             Killed from afar by BobtheCannibal69's ghost (13 damage)
             ... with a puff of frost
             ... on level 3 of the Dungeon.
             The game lasted 00:09:48 (4145 turns).

Cunctator the Digger (Gargoyle Earth Elementalist)  Turns: 4145, Time: 00:09:49

Health: -1/24      AC:  5    Str: 11    XL:     4   Next: 86%
Magic:  7/8        EV: 12    Int: 17    God:
Gold:   189        SH:  0    Dex: 10    Spells: 5/9 levels left

rFire    . . .     SeeInvis .   e - +0 club
rCold    . . .     Gourm    .   (no shield)
rNeg     + . .     Faith    .   c - +0 robe
rPois    ∞         Spirit   .   (no helmet)
rElec    +         Reflect  .   (no cloak)
rCorr    .         Harm     .   (no gloves)
MR       .....                  (no boots)
Stlth    ++........             (no amulet)
HPRegen  0.08/turn              (no ring)
MPRegen  0.11/turn              (no ring)

@: no status effects
A: negative energy resistance 1, electricity resistance, unbreathing,
petrification resistance, rot immunity, AC +3
a: no special abilities


You were on level 3 of the Dungeon.
You were hungry.

You visited 1 branch of the dungeon, and saw 3 of its levels.

You collected 189 gold pieces.

Inventory:

Hand Weapons
 e - a +0 club (weapon)
Missiles
 b - 49 stones (quivered)
 k - 2 tomahawks
 w - 7 javelins
Armour
 c - a +0 robe (worn)
 h - a +0 leather armour
 o - a +0 buckler
 u - a cursed +0 robe
Magical Staves
 q - an uncursed staff of wizardry {unknown}
Jewellery
 t - an uncursed ring of flight {unknown}
Wands
 r - a wand of scattershot (5)
Scrolls
 a - 3 scrolls of teleportation {unknown}
 f - a scroll of noise {unknown}
 g - 2 scrolls of magic mapping {unknown}
 j - 2 scrolls of remove curse {unknown}
 n - 3 scrolls of identify {unknown}
 p - a scroll of enchant armour {unknown}
 s - a scroll of fear {unknown}
 v - a scroll of amnesia {unknown}
 x - a scroll of random uselessness {unknown}
Potions
 i - a potion of curing {unknown}
 l - a potion of flight {unknown}
 m - a potion of degeneration {unknown}
 z - a potion of agility {unknown}
Comestibles
 d - 6 rations


   Skills:
 - Level 1.6 Dodging
 - Level 2.2 Stealth
 + Level 3.3 Spellcasting
 + Level 1.3 Conjurations
   Level 0.7 Transmutations
 + Level 5.1 Earth Magic


You had 5 spell levels left.
You knew the following spells:

 Your Spells              Type           Power        Failure   Level  Hunger
a - Sandblast             Erth           ###...       1%          1    None
b - Stone Arrow           Conj/Erth      ##....       14%         3    ###....

Your spell library contained the following spells:

 Spells                   Type           Power        Failure   Level  Hunger
 Passwall                 Tmut/Erth      ##......     8%          2    ##.....
 Lee's Rapid Deconstruct  Erth           ###.......   50%         5    ######.
 Petrify                  Tmut/Erth      ##......     45%         4    ####...


Dungeon Overview and Level Annotations

Branches:
Dungeon (3/15)

Altars:
Ashenzari
Dithmenos
Elyvilon
Nemelex Xobeh

Annotations:
D:3 BobtheCannibal69's ghost, amateur OpIE


Innate Abilities, Weirdness & Mutations

You are resistant to torment.
Your stone body is resilient. (AC +3)
You are immune to poison.
You resist negative energy. (rN+)
You are resistant to electric shocks. (rElec)
You can survive without breathing.
You are immune to petrification.
You are immune to rotting.


Message History

You now have 189 gold pieces (gained 10).
There is a stone staircase leading down here.
You are feeling hungry.
There is a stone staircase leading up here.
BobtheCannibal69's ghost is too close now for your liking.
Casting: Sandblast (safe; 1% risk of failure)
Confirm with . or Enter, or press ? or * to list all spells.
Aiming: Sandblast (safe; 1% risk of failure)
Press: ? - help, Shift-Dir - straight line, f - BobtheCannibal69's ghost
Aim: BobtheCannibal69's ghost, wielding a weapon of electrocution (hasn't noticed you)
The blast of sand hits BobtheCannibal69's ghost.
BobtheCannibal69's ghost is heavily damaged.
b - 49 stones BobtheCannibal69's ghost casts a spell at you.
The puff of frost hits you!
Ouch! That really hurt!
BobtheCannibal69's ghost stares at you and mumbles some strange words.
The puff of frost hits you!
Ouch! That really hurt!
You die...

#.# #.#####.###.# ♣♣..
#.# #........##.# ♣♣...
#.# #######.###.# ♣♣....
#.# #.# #.# ♣...≈≈
#.##########.# #.#
♣♣..≈≈≈
#.........##.###.#######
♣...≈≈_
#########.##...........#
♣♣..≈≈≈ #.###..........#
♣...≈≈ #########.#
#.#@######## ♣♣....
#...>.....# #.#.# ♣♣...
#.######### #.#.W......
♣♣.. #.# #.#########
♣♣... #.# #.# ### ♣♣....
##.###########.# #.#
♣...≈≈ #..............#
#.# #..≈≈≈
#............### #.#
#..≈≈♣ ....#.###.##.#
#.# #..≈≈≈


You could see BobtheCannibal69's ghost.

Vanquished Creatures
  4 adders
  2 worms
  A dart slug (D:2)
  3 leopard geckos
  A ball python (D:2)
  4 giant cockroaches
  7 goblins
  4 hobgoblins
  6 jackals (D:1)
  2 quokkas (D:3)
  8 bats
  7 frilled lizards
  7 kobolds
  5 rats
61 creatures vanquished.

Notes
Turn   | Place    | Note
-------+----------+-------------------------------------------
     0 | D:1      | Cunctator the Gargoyle Earth Elementalist began the quest for the Orb.
     0 | D:1      | Reached XP level 1. HP: 10/10 MP: 3/3
   778 | D:1      | Reached skill level 4 in Earth Magic
   778 | D:1      | Reached XP level 2. HP: 15/15 MP: 1/5
  1215 | D:1      | Reached XP level 3. HP: 6/19 MP: 1/6
  1220 | D:1      | Learned a level 3 spell: Stone Arrow
  1910 | D:2      | Found a sparkling altar of Nemelex Xobeh.
  2228 | D:2      | Found a shattered altar of Ashenzari.
  2509 | D:2      | Reached XP level 4. HP: 24/24 MP: 6/8
  2889 | D:3      | Found a white marble altar of Elyvilon.
  3042 | D:3      | Found a shadowy altar of Dithmenos.
  3044 | D:3      | Reached skill level 5 in Earth Magic
  3165 | D:3      | Reached skill level 1 in Conjurations
  3424 | D:3      | Noticed BobtheCannibal69's ghost (amateur OpIE)
  4145 | D:3      | Killed from afar by BobtheCannibal69's ghost

Vault maps used:
D:1:      minmay_arrival_arboretum_large
D:2:      old_standard_altar, nicolae_ashenzari_panopticon,
          minmay_misc_feat_rows
D:3:      lightli_temple_of_fire, grunt_dithmenos_smoke,
          minmay_misc_feat_nine_boxes, elyvilon_altar_3

Skill      XL: |  1  2  3  4 |
---------------+-------------+-----
Earth Magic    | 4 5 |  5.1
Spellcasting   | 3 |  3.3
Conjurations   | 1 |  1.3
Dodging        | |  1.6
Stealth        | |  2.2
Transmutations | |  0.7

Action                   |  1- 3 |  4- 6 || total
-------------------------+-------+-------++-------
Melee: Unarmed           |    27 |       ||    27
       Club              |   107 |    68 ||   175
 Cast: Sandblast         |    30 |    11 ||    41
       Stone Arrow       |     1 |     7 ||     8
 Stab: Sleeping          |     2 |     1 ||     3
  Eat: Chunk             |     5 |     6 ||    11
Armor: Robe              |    73 |    26 ||    99
Dodge: Dodged            |   169 |    69 ||   238

Table legend:
 A = Spawn XP
 B = Non-spawn XP
 C = Spawn XP percentage of total XP
 D = Spawn monster count
 E = Non-spawn monster count
 F = Spawn count percentage of total count
 G = Total turns spent on level
                    A         B        C        D         E        F      G
               +---------+---------+-------+---------+---------+-------+---------
         Total |       0 |     154 |   0.0 |       0 |      61 |   0.0 |  4145
               +---------+---------+-------+---------+---------+-------+---------
           D:1 |       0 |      44 |   0.0 |       0 |      25 |   0.0 |  1718
           D:2 |       0 |      41 |   0.0 |       0 |      16 |   0.0 |  1325
           D:3 |       0 |      69 |   0.0 |       0 |      20 |   0.0 |  1102
               +---------+---------+-------+---------+---------+-------+---------
